Description

Copy of https://lotv.spawningtool.com/build/203087/

VOD

https://www.youtube.com/watch?v=K4aUwaovsJk

Build Order

Get SALT Encoding   

  12  0:34  Pylon  block natural after
  14  1:00  Gateway  
  15  1:08  Assimilator (Chrono Boost)  Gas -> chrono, pull 2 into gas after
  19  1:54  Nexus  
  19  2:05  Cybernetics Core  
  20  2:14  Assimilator  pull 2 probes into gas after
  20  2:19  Pylon  "small cut in workers"
  22  2:41  Adept (Chrono Boost)  
  24  2:49  Stargate  
  25  3:04  Adept (Chrono Boost)  Chrono optional
  28  3:05  Warp Gate (Chrono Boost)  
  31  3:23  Adept  
  35  3:35  Oracle  
  37  3:50  Pylon  
  45  4:23  Nexus  2 oracles and 3 adepts into third
  45  4:25  Pylon  
  46  4:30  Gateway  wall off
  48  4:45  Oracle  
  50  5:00  Twilight Council  
Spawning Tool Build Advisor. Get it on Overwolf

Go to:

Details

  • Created by: Plushieee
  • Published on: Jul 05, 2026
  • Modified on: Jul 05, 2026
  • Patch: 5.0.16
  • Difficulty: Easy
Show
View Real Time Build Order
Export as new Build Order

Comments (0)

There are no comments. Be the first!

Create an account to comment!